 Dungeon Crawl Stone Soup version 0.21-a0-404-g291f19a (webtiles) character file.

14 IceWhale the Skirmisher (level 2, -4/29 HPs)
             Began as a Troll Abyssal Knight on Oct 27, 2017.
             Was a Follower of Lugonu.
             Killed by divine providence
             ... invoked by an orc priest
              (10 damage)
             ... on level 2 of the Dungeon.
             The game lasted 00:05:08 (1177 turns).

IceWhale the Skirmisher (Troll Abyssal Knight)      Turns: 1177, Time: 00:05:09

Health: -4/29      AC:  6    Str: 19    XL:     2   Next: 31%
Magic:  2/2        EV: 10    Int:  8    God:    Lugonu [*.....]
Gold:   107        SH:  0    Dex:  9    Spells: 1/1 levels left

rFire    . . .     SeeInvis .     - Unarmed
rCold    . . .     Gourm    +   (no shield)
rNeg     . . .     Faith    .   a - +0 robe
rPois    .         Spirit   .   m - +1 hat
rElec    .         Reflect  .   (no cloak)
rCorr    .         Harm     .   (gloves unavailable)
MR       .....                  (boots unavailable)
Stlth    +.........             (no amulet)
HPRegen  0.49/turn              (no ring)
MPRegen  0.08/turn              (no ring)

@: no status effects
A: unfitting armour, claws 3, fast metabolism 3, gourmand, regeneration 1,
shaggy fur 1, tough skin 2
a: Depart the Abyss, Renounce Religion


You were on level 2 of the Dungeon.
You worshipped Lugonu.
Lugonu was aware of your devotion.
You were completely stuffed.

You visited 1 branch of the dungeon, and saw 2 of its levels.
You visited the Abyss 1 time.

You collected 107 gold pieces.

Inventory:

Armour
 a - a +0 robe (worn)
 d - a +0 ring mail
 e - a +0 robe
 m - a +1 hat (worn)
Scrolls
 c - a scroll of fear
 f - 2 scrolls of identify
 i - a scroll of random uselessness
Potions
 g - a potion of brilliance {unknown}
 h - a potion of lignification {unknown}
 j - a potion of flight {unknown}
 k - a potion of invisibility {unknown}
Comestibles
 b - 4 bread rations


   Skills:
 + Level 2.7 Fighting
 + Level 2.0 Dodging
 * Level 2.3 Unarmed Combat
 * Level 1.7 Invocations


You had one spell level left.
You didn't know any spells.

Dungeon Overview and Level Annotations

Branches:
Dungeon (2/15)

Altars:

Annotations:
D:2 Jessica


Innate Abilities, Weirdness & Mutations

You are too large for most types of armour.
You have claws for hands.
Your metabolism is lightning-fast.
You like to eat raw meat.
Your natural rate of healing is unusually fast.
You are covered in fur. (AC +1)
You have very tough skin. (AC +2)


Message History

You hear a shout!
An orc priest comes into view. It is wielding a whip.
As you read the scroll labeled OTARUCOCOE, it crumbles to dust.
It is a scroll of identify.
i - a scroll of random uselessness The orc priest shouts!
Jessica hits you but does no damage.
A goblin comes into view. It is wielding a dagger.
Jessica mumbles some strange words.
Jessica blinks!
The orc priest mumbles some strange prayers to Beogh against you.
Beogh smites you!
* * * LOW HITPOINT WARNING * * *
You see here a bread ration.
b - 5 bread rations (gained 1)
You eat one of the 5 bread rations.
That bread ration really hit the spot!
Jessica grins evilly.
The orc priest mumbles some strange prayers to Beogh against you.
Beogh smites you!
You die...

#.# #.# .# #.# #.# #.#
### ##.# #.# #.. ..###
#.# #.# #...# ## #.#
#.####...### #...
#.######.##.......#.....
#..........@.@o>o.......
########.##....o.g.?....
#.####...##...... #.#
#...# ..... #.########
#.## #....# #.# ####[#
#.# #.# #.# #.# #.#


You could see 2 orc priests, an orc wizard, Jessica and a goblin.

Vanquished Creatures
  A goblin (D:1)
  3 hobgoblins (D:1)
  3 kobolds
  2 bats (D:1)
  3 frilled lizards
  3 rats (D:1)
15 creatures vanquished.

Notes
Turn   | Place    | Note
-------+----------+-------------------------------------------
     0 | Abyss:1  | IceWhale the Troll Abyssal Knight began the quest for the Orb.
     0 | Abyss:1  | Reached XP level 1. HP: 22/22 MP: 1/1
     0 | D:1      | Escaped the Abyss
   109 | D:1      | Reached * piety under Lugonu
   338 | D:1      | Reached XP level 2. HP: 29/29 MP: 2/2
  1165 | D:2      | Noticed Jessica
  1177 | D:2      | Killed from afar by an orc priest

Vault maps used:
D:1:      elethiomel_arrival_fortress_basement
D:2:      first_bread, uniq_crazy_yiuf_cottage, uniq_jessica

Skill      XL: |  1 |
---------------+----+-----
Dodging        | 2 |  2.0
Fighting       | |  2.7
Unarmed Combat | |  2.3
Invocations    | |  1.7

Action                   || total
-------------------------++-------
Melee: Unarmed           ||    29
Invok: Depart the Abyss  ||     1
  Use: Scroll            ||     4
  Eat: Chunk             ||    13
       Bread ration      ||     1
Armor: Robe              ||    19
Dodge: Dodged            ||    20

Table legend:
 A = Spawn XP
 B = Non-spawn XP
 C = Spawn XP percentage of total XP
 D = Spawn monster count
 E = Non-spawn monster count
 F = Spawn count percentage of total count
 G = Total turns spent on level
                    A         B        C        D         E        F      G
               +---------+---------+-------+---------+---------+-------+---------
         Total |       0 |      21 |   0.0 |       0 |      15 |   0.0 |  1177
               +---------+---------+-------+---------+---------+-------+---------
           D:1 |       0 |      18 |   0.0 |       0 |      13 |   0.0 |   967
           D:2 |       0 |       3 |   0.0 |       0 |       2 |   0.0 |   210
               +---------+---------+-------+---------+---------+-------+---------
